 Dungeon Crawl Stone Soup version 0.26-a0-346-g33516b1736 (webtiles) character file.

Game seed: 11452676043925972177

259 BritishOli the Skirmisher (level 5, 0/42 HPs)
             Began as a Demonspawn Fighter on July 17, 2020.
             Succumbed to an adder's poison
             ... on level 3 of the Dungeon.
             The game lasted 00:02:18 (2345 turns).

BritishOli the Skirmisher (Demonspawn Fighter)      Turns: 2345, Time: 00:02:19

Health: 0/42       AC:  9    Str: 17    XL:     5   Next: 94%
Magic:  5/5        EV:  7    Int: 10    God:
Gold:   91         SH:  9    Dex: 12    Spells: 4/4 levels left

rFire    . . .     SeeInvis .   a - +0 long sword
rCold    . . .     Faith    .   c - +0 kite shield
rNeg     . . .     Spirit   .   b - +0 scale mail
rPois    .         Reflect  .   (no helmet)
rElec    .         Harm     .   (no cloak)
rCorr    .                      (no gloves)
MR       .....                  r - +1 pair of boots
Stlth    ..........             (no amulet)
HPRegen  0.14/turn              m - ring of wizardry
MPRegen  0.09/turn              (no ring)

@: lethally poisoned (0 -> -1)
A: hooves 1, spiny 1
a: no special abilities


You were on level 3 of the Dungeon.
You visited 1 branch of the dungeon, and saw 3 of its levels.

You collected 91 gold pieces.

Inventory:

Hand Weapons
 a - a +0 long sword (weapon)
Armour
 b - a +0 scale mail (worn)
 c - a +0 kite shield (worn)
 r - a +1 pair of boots (worn)
Jewellery
 m - a ring of wizardry (left hand)
Scrolls
 e - 5 scrolls of identify {unknown}
 g - 2 scrolls of remove curse {unknown}
 i - 4 scrolls of teleportation {unknown}
 j - a scroll of blinking {unknown}
 k - a scroll of magic mapping {unknown}
 n - a scroll of amnesia {unknown}
 o - a scroll of enchant armour {unknown}
 q - a scroll of immolation {unknown}
Potions
 d - a potion of might
 f - 2 potions of stabbing {unknown}
 h - 3 potions of curing {unknown}
 l - a potion of flight {unknown}
 p - a potion of invisibility {unknown}


   Skills:
 + Level 4.2 Fighting
 + Level 3.2 Long Blades
 + Level 3.8 Armour
 + Level 3.8 Shields


You had 4 spell levels left.
You didn't know any spells.
Your spell library was empty.

Dungeon Overview and Level Annotations

Branches:
Dungeon (3/15)

Altars:
Dithmenos
Fedhas
Qazlal
Uskayaw


Innate Abilities, Weirdness & Mutations

You have large cloven feet.
You are partially covered in sharp spines.


Message History

* * * LOW HITPOINT WARNING * * *
The orc hits you but does no damage. Something hits you but does no damage.
You closely miss something.
You feel sick. You block something's attack. You block the orc's attack.
Something hits you.
* * * LOW HITPOINT WARNING * * *
The orc barely misses you.
You closely miss something. Something hits you but does no damage.
You block the orc's attack.
You hear some strange, mumbled words.
A puff of flame appears from out of thin air!
The puff of flame hits you.
* * * LOW HITPOINT WARNING * * *
You barely miss something. Something hits you but does no damage.
The orc is struck by your spines. The orc hits you but does no damage.
Something hits you but does no damage.
You hit something but do no damage. Something hits you but does no damage.
The orc is struck by your spines.
You kill the orc!
You closely miss something.
You die...

#..#.≈≈.# ##.### )
#.8#.≈≈.# ##.#.
..##+#####.##.≈≈.# ##.##.
.........#.##.≈≈.# #.###.
.........#.##.≈≈.##.#.##.
.........#..#.≈≈†#(###.##
#........#.8#.≈≈.#. #.#
#......){#.##.≈≈.# ##.#
########@#.##.≈≈†## #.##
#.#.##.≈≈..###.#
#.#.)#.≈≈.#.##.##
#...8#.≈≈.##.##(#
#######≈≈####(.## ###
####


There were no monsters in sight!

Vanquished Creatures
  A bullfrog (D:3)
  4 gnolls (D:2)
  5 adders
  2 oozes (D:1)
  A worm (D:2)
  5 dart slugs
  5 leopard geckos
  6 orcs (D:3)
  4 giant cockroaches
  10 goblins
  10 hobgoblins
  7 kobolds
  3 quokkas
  A ball python (D:3)
  13 bats
  4 frilled lizards
  3 rats
84 creatures vanquished.

Notes
Turn   | Place    | Note
-------+----------+-------------------------------------------
     0 | D:1      | BritishOli the Demonspawn Fighter began the quest for the
                  | Orb.
     0 | D:1      | Reached XP level 1. HP: 18/18 MP: 1/1
    21 | D:1      | Gained mutation: You have large cloven feet. [demonic
                  | ancestry]
    21 | D:1      | Reached XP level 2. HP: 19/24 MP: 2/2
   427 | D:1      | Reached XP level 3. HP: 29/29 MP: 3/3
  1092 | D:2      | Reached XP level 4. HP: 14/35 MP: 4/4
  1466 | D:2      | Found a shadowy altar of Dithmenos.
  1466 | D:2      | Found a stormy altar of Qazlal.
  1466 | D:2      | Found a blossoming altar of Fedhas.
  1635 | D:2      | Found a hide-covered altar of Uskayaw.
  1946 | D:3      | Gained mutation: You are partially covered in sharp spines.
                  | [demonic ancestry]
  1946 | D:3      | Reached XP level 5. HP: 42/42 MP: 5/5
  2156 | D:3      | Reached skill level 4 in Fighting
  2342 | D:3      | HP: 1/42 [something/puff of flame (5)]
  2345 | D:3      | Succumbed to an adder's poison

Illustrated notes

Levels and vault maps discovered:
D:1:      tarquinn_simple_flora_water_f, layout_basic, minmay_pentomino_u4
D:2:      layout_rooms, gammafunk_temple_overflow_claw, lemuel_round_altar,
          st_stairs_10
D:3:      wad_river_or_something, layout_basic, kennysheep_slug_shrine

Skill      XL: |  1  2  3  4  5 |
---------------+----------------+-----
Long Blades    | 2 3 |  3.2
Armour         | 3 |  3.8
Shields        | 3 |  3.8
Fighting       | 4 |  4.2

Action                   |  1- 3 |  4- 6 || total
-------------------------+-------+-------++-------
Melee: Long sword        |    99 |   134 ||   233
       Kick              |    21 |    22 ||    43
Armor: Scale mail        |    42 |    60 ||   102
Dodge: Dodged            |    37 |    38 ||    75
Block: Kite shield       |    55 |    75 ||   130
       Rpst.: Long sword |     9 |    13 ||    22

Table legend:
 A = Non-vault XP
 B = Vault XP
 C = Vault XP percentage of total XP
 D = Non-vault monster count
 E = Vault monster count
 F = Vault count percentage of total count
                 A         B        C        D         E       F
            +---------+---------+-------+---------+---------+-------
      Total |     320 |      50 |  13.5 |      70 |      14 |  16.7
            +---------+---------+-------+---------+---------+-------
        D:1 |      60 |      21 |  25.9 |      24 |       6 |  20.0
        D:2 |     112 |       2 |   1.8 |      26 |       1 |   3.7
        D:3 |     148 |      27 |  15.4 |      20 |       7 |  25.9
            +---------+---------+-------+---------+---------+-------
